 Dungeon Crawl Stone Soup version 0.17.1-3-g152610e (webtiles) character file.

3300 Peloso the Blocker (level 9, -9/78 HPs)
             Began as a Minotaur Fighter on May 1, 2016.
             Was an Elder of Okawaru.
             Killed from afar by Erica (20 damage)
             ... with a bolt of poison
             ... on level 8 of the Dungeon.
             The game lasted 00:21:54 (6019 turns).

Peloso the Blocker (Minotaur Fighter)               Turns: 6019, Time: 00:21:54

Health: -9/78      AC: 16    Str: 26    XL:     9   Next: 70%
Magic:  7/8        EV: 19    Int:  5    God:    Okawaru [****..]
Gold:   284        SH: 15    Dex: 16    Spells: 0 memorised, 8 levels left

rFire  + + .     SeeInvis .     b - +5 falchion of the Original Sin {freeze, *Corrode rF++ Str+5}
rCold  . . .     Clarity  .     I - +0 chain mail
rNeg   . . .     SustAt   .     c - +1 shield
rPois  .         Gourm    .     (helmet restricted)
rElec  .         Spirit   .     l - +0 cloak
rCorr  .         Warding  .     m - +0 pair of gloves
rMut   .         Stasis   .     (no boots)
MR     .....                    o - amulet of regeneration
Stlth  ..........               C - +4 ring of evasion
                                f - +3 ring of dexterity

@: lethally poisoned (-9 -> -22), heroism, not resistant to hostile
enchantments, extremely unstealthy
A: retaliatory headbutt, horns 2
a: Heroism, Renounce Religion


You were on level 8 of the Dungeon.
You worshipped Okawaru.
Okawaru was greatly pleased with you.
You were hungry.

You visited 1 branch of the dungeon, and saw 8 of its levels.
You also visited: Sewer.

You collected 284 gold pieces.

Inventory:

Hand Weapons
 a - a +0 long sword
 b - the +5 falchion of the Original Sin (weapon) {freeze, *Corrode rF++ Str+5}
   (You found it on level 6 of the Dungeon)

   It has been specially enchanted to freeze those struck by it, causing extra
   injury to most foes and up to half again as much damage against particularly
   susceptible opponents.
   It can also slow down cold-blooded creatures.
   It affects your strength (+5).
   It greatly protects you from fire.
   It may corrode your equipment when you take damage.
Armour
 c - a +1 shield (worn)
 l - a +0 cloak (worn)
 m - a +0 pair of gloves (worn)
 I - a +0 chain mail (worn)
Jewellery
 f - a +3 ring of dexterity (left hand)
 o - an amulet of regeneration (around neck)
 C - a +4 ring of evasion (right hand)
 K - a cursed amulet of rage {unknown}
Wands
 G - a wand of confusion (38)
Scrolls
 i - 2 scrolls of teleportation
 j - a scroll of magic mapping
 k - 5 scrolls of identify
 p - 3 scrolls of enchant armour
 r - a scroll of fog
 t - 7 scrolls of remove curse
 x - 2 scrolls of immolation {unknown}
 D - a scroll of amnesia {unknown}
 E - 2 scrolls of noise {unknown}
 M - a scroll of brand weapon {unknown}
Potions
 d - 3 potions of might
 q - a potion of agility
 v - 5 potions of brilliance
 w - a potion of degeneration {unknown}
 z - 3 potions of flight {unknown}
 A - 3 potions of heal wounds {unknown}
 B - a potion of magic {unknown}
 F - 2 potions of invisibility {unknown}
 J - 2 potions of berserk rage {unknown}
Books
 s - a book of Power

   Spells                             Type                      Level
   a - Fulminant Prism                Conjuration/Hexes            4
   b - Iskenderun's Mystic Blast      Conjuration                  4
   c - Venom Bolt                     Conjuration/Poison           5
   d - Bolt of Magma                  Conjuration/Fire/Earth       5
   e - Iron Shot                      Conjuration/Earth            6
   f - Orb of Destruction             Conjuration                  7
   g - Spellforged Servitor           Conjuration/Summoning        7
 y - a book of Hinderance

   Spells                             Type                      Level
   a - Confusing Touch                Hexes                        2
   b - Confuse                        Hexes                        3
   c - Gell's Gravitas                Hexes/Translocation          3
   d - Petrify                        Transmutation/Earth          4
   e - Metabolic Englaciation         Hexes/Ice                    5
 N - a book of the Tempests

   Spells                             Type                      Level
   a - Static Discharge               Conjuration/Air              3
   b - Lightning Bolt                 Conjuration/Air              5
   c - Fireball                       Conjuration/Fire             5
   d - Tornado                        Air                          9
   e - Shatter                        Earth                        9
Comestibles
 e - 5 bread rations
 g - 3 royal jellies
 n - a slice of pizza
 u - 3 meat rations
 H - a beef jerky
 L - 6 chunks of flesh


   Skills:
 + Level 6.6(11.6) Fighting
 + Level 6.6(11.6) Long Blades
 + Level 9.1(14.1) Armour
 + Level 5.8(10.8) Dodging
 + Level 1.5(6.5) Stealth
 + Level 9.7(14.7) Shields
 + Level 1.3 Invocations


You had 8 spell levels left.
You didn't know any spells.

Dungeon Overview and Level Annotations

Branches:
Dungeon (8/15)             Temple (0/1) D:7
   Lair: D:8-11

Altars:
Dithmenos
Gozag
Makhleb
Okawaru
Ru
Xom
Yredelemnul

Annotations:
D:8 Erica


Innate Abilities, Weirdness & Mutations

You reflexively headbutt those who attack you in melee.
You have a pair of horns on your head.


Message History

Erica casts a spell at you. You block the orb of energy.
Erica casts a spell.
Erica flickers and vanishes!
Deactivating autopickup; reactivate with Ctrl-A.
You gain the combat prowess of a mighty hero.
You are feeling hungry.
You hear some strange, mumbled words.
A bolt of poison appears from out of thin air!
The bolt of poison hits you!
You are poisoned.
* * * LOW HITPOINT WARNING * * *
You feel sick.
You feel sick.
You feel sick.
You hear some strange, mumbled words.
A bolt of poison appears from out of thin air!
The bolt of poison hits you!
You are lethally poisoned!
You die...

#.# ≈≈≈≈≈≈≈# #####.#
##≈≈≈≈≈≈# ≈≈
######...{.# ###.≈≈≈# ≈
####...##.##### .#..# .
###.........##### ......
#.........#.##.. .##...
............##.#
.8.......8...#)####### #
............#.@.......
.....#####.....#.####.##
...#######.......#
....$.
..........##.....#
O...5.
.#<#######.#.#.###
#..... #
..........######.#
####.# ####............#
#.. ##.##.######## # #
#..........# #


There were no monsters in sight!

Vanquished Creatures
  A two-headed ogre (D:8)
  A polar bear (D:8)
  Prince Ribbit (D:8)
  A yak (D:8)
  A hungry ghost (D:7)
  2 ice beasts
  A sky beast (D:5)
  A black bear (D:6)
  3 orc warriors
  2 necrophages
  2 ogres
  A centaur (D:5)
  2 big kobolds
  A giant frog (D:6)
  A gnoll sergeant (D:5)
  A scorpion (D:5)
  3 wights (D:7)
  4 crimson imps
  An iguana (D:8)
  4 hounds
  2 jellies
  An orc priest (D:4)
  5 orc wizards
  3 worker ants
  A centaur skeleton (D:7)
  A river rat (D:3)
  5 adders
  8 gnolls
  An ufetubus (D:8)
  An adder zombie (D:5)
  An adder skeleton (D:7)
  An adder simulacrum (D:8)
  2 worms (D:3)
  4 giant geckos
  29 orcs
  2 giant cockroaches
  10 goblins
  5 hobgoblins
  A quokka (D:2)
  9 bats
  A giant gecko skeleton (D:4)
  3 giant newts
  8 jackals
  A jackal skeleton (D:8)
  17 kobolds
  9 rats
165 creatures vanquished.

Vanquished Creatures (others)
  A jelly (D:8)
1 creature vanquished.

Grand Total: 166 creatures vanquished

Notes
Turn   | Place    | Note
--------------------------------------------------------------
     0 | D:1      | Peloso the Minotaur Fighter began the quest for the Orb.
     0 | D:1      | Reached XP level 1. HP: 19/19 MP: 0/0
    60 | D:1      | Reached XP level 2. HP: 25/27 MP: 1/1
    83 | D:1      | Reached skill level 4 in Armour
   610 | D:2      | Reached XP level 3. HP: 30/33 MP: 2/2
   642 | D:2      | Found an opulent altar of Gozag.
   730 | D:2      | Reached skill level 1 in Dodging
  1120 | D:3      | Found an iron altar of Okawaru.
  1122 | D:3      | Found a sacrificial altar of Ru.
  1122 | D:3      | Found a basalt altar of Yredelemnul.
  1126 | D:3      | Became a worshipper of Warmaster Okawaru
  1130 | D:3      | Found a shimmering altar of Xom.
  1296 | D:3      | Reached XP level 4. HP: 37/40 MP: 3/3
  1370 | D:3      | Found an iron altar of Okawaru.
  1472 | D:3      | Found a glowing drain.
  1476 | Sewer    | Entered a sewer
  1655 | Sewer    | Noticed a big kobold
  1669 | Sewer    | Killed a big kobold
  1669 | Sewer    | Reached skill level 5 in Armour
  1669 | Sewer    | Reached XP level 5. HP: 46/46 MP: 4/4
  1756 | Sewer    | Found a glowing silver altar of Zin.
  2231 | D:4      | Reached skill level 5 in Shields
  2390 | D:4      | Reached XP level 6. HP: 40/52 MP: 5/5
  3182 | D:5      | Entered Level 5 of the Dungeon
  3289 | D:5      | Reached * piety under Okawaru
  3305 | D:5      | Reached XP level 7. HP: 29/60 MP: 6/6
  3312 | D:5      | Reached skill level 6 in Armour
  3952 | D:5      | Reached skill level 5 in Fighting
  4291 | D:6      | Reached XP level 8. HP: 68/68 MP: 7/7
  4308 | D:6      | Reached ** piety under Okawaru
  4464 | D:6      | Found a shadowy altar of Dithmenos.
  4477 | D:6      | Reached skill level 5 in Long Blades
  4477 | D:6      | Reached skill level 1 in Stealth
  4477 | D:6      | Reached skill level 7 in Shields
  4620 | D:6      | Found a burning altar of Makhleb.
  4620 | D:6      | Noticed an Executioner
  4628 | D:6      | Got a crude falchion
  4629 | D:6      | Identified the +5 falchion of the Original Sin {freeze, *Corrode rF++ Str+5} (You found it on level 6 of the Dungeon)
  4828 | D:6      | Reached skill level 5 in Dodging
  5167 | D:7      | Reached skill level 1 in Invocations
  5297 | D:7      | Found a staircase to the Ecumenical Temple.
  5423 | D:7      | Reached skill level 8 in Shields
  5549 | D:8      | Noticed Prince Ribbit
  5549 | D:8      | Noticed a two-headed ogre
  5558 | D:8      | Reached XP level 9. HP: 67/75 MP: 8/8
  5565 | D:8      | Killed a two-headed ogre
  5565 | D:8      | Reached *** piety under Okawaru
  5568 | D:8      | Noticed a polar bear
  5581 | D:8      | Killed a polar bear
  5702 | D:8      | Reached skill level 9 in Shields
  5736 | D:8      | Killed Prince Ribbit
  5753 | D:8      | Reached **** piety under Okawaru
  5987 | D:8      | Noticed Erica
  6000 | D:8      | HP: 2/78 [Erica/bolt of poison (13)]
  6019 | D:8      | Killed from afar by Erica

Action                   |  1- 3 |  4- 6 |  7- 9 || total
-------------------------+-------+-------+-------++-------
Melee: Long sword        |   100 |   131 |   145 ||   376
       Falchion          |       |       |   142 ||   142
Invok: Heroism           |       |       |     4 ||     4
  Use: Scroll            |       |     7 |     6 ||    13
       Potion            |       |       |     4 ||     4
  Eat: Chunk             |     1 |     6 |    12 ||    19
       Pizza             |       |       |     1 ||     1
